 Dungeon Crawl Stone Soup version 0.13.0-6-g40e4d2d (webtiles) character file.

57269 Leibowitz the Spry (level 15, 0/87 (92) HPs)
             Began as a Kobold Berserker on Oct 14, 2013.
             Was a High Priest of Okawaru.
             Succumbed to poison (a potion of strong poison)
             ... in an ice cave.
             The game lasted 02:00:52 (26554 turns).

Leibowitz the Spry (Kobold Berserker)              Turns: 26554, Time: 02:00:52

HP   0/87 (92)   AC 19     Str 16      XL: 15   Next: 16%
MP  20/20        EV 31     Int  5      God: Okawaru [*****.]
Gold 2205        SH  0     Dex 22      Spells:  0 memorised, 14 levels left

Res.Fire  : . . .   See Invis. : .   d - +5,+7 elf sabre (flame)
Res.Cold  : . . .   Warding    : .   s - +9 ring mail of Veomp {rN+}
Life Prot.: + . .   Conserve   : .   (no shield)
Res.Poison: +       Res.Corr.  : .   v - +1 elf wizard hat
Res.Elec. : .       Clarity    : .   m - +1 cloak
Sust.Abil.: . .     Spirit.Shd : .   q - +0 pair of gauntlets
Res.Mut.  : .       Stasis     : .   n - +0 pair of boots
Res.Rott. : .       Flight     : +   e - amulet of faith
Saprovore : + + .                    b - ring of poison resistance
                                     i - +0,+7 ring of slaying

@: invisible, flying, very poisoned, very slightly contaminated, slowed, very
slow, somewhat resistant to hostile enchantments, extraordinarily stealthy
A: disease resistance, beak, horns 1, carnivore 3, saprovore 2, slowness 1
a: Heroism, Finesse, Renounce Religion


You were in an ice cave.
You worshipped Okawaru.
Okawaru was extremely pleased with you.
You were not hungry.

You visited 4 branches of the dungeon, and saw 24 of its levels.
You also visited: Labyrinth, Ice Cave and Volcano.

You collected 2213 gold pieces.
You spent 28 gold pieces at shops.

Inventory:

Hand weapons
 a - a +3,+8 quick blade
 d - a +5,+7 elven sabre of flaming (weapon)
 g - a +1,+3 elven short sword of electrocution
 y - a +1,+1 dwarven dagger of venom (quivered)
 B - the +3,+1 short sword "Raddysche" {flame, rPois MR++}
   (You found it on level 6 of the Lair of Beasts)

   It emits flame when wielded, causing extra injury to most foes and up to
   double damage against particularly susceptible opponents.
   Big, fiery blades are also staple armaments of hydra-hunters.
   It protects you from poison.
   It affects your resistance to hostile enchantments.
 E - a +3 elven blowgun
Missiles
 r - 19 curare-tipped needles
Armour
 m - a +1 cloak (worn)
 n - a +0 pair of boots (worn)
 q - a +0 pair of gauntlets (worn)
 s - the +9 ring mail of Veomp (worn) {rN+}
   (You found it in an ice cave)

   It protects you from negative energy.
 v - a +1 elven wizard hat (worn)
 O - the +6 scale mail "Xacloyti" {Int+2 Acc+4}
   (You found it on level 2 of the Lair of Beasts)

   It affects your intelligence (+2).
   It affects your accuracy (+4).
Magical devices
 l - a wand of lightning (3)
 p - a wand of paralysis (12)
 t - a wand of cold (10)
 u - a wand of lightning (1)
 N - a wand of confusion (2)
 P - a wand of digging (15)
Comestibles
 j - 2 meat rations
 I - 6 honeycombs
 J - a royal jelly
Scrolls
 h - 3 scrolls of holy word {unknown}
 o - 8 scrolls of fog
 F - 6 scrolls of identify
 G - a scroll of recharging
 L - 2 scrolls of remove curse
 M - 7 scrolls of teleportation
Jewellery
 b - a ring of poison resistance (right hand)
 c - an uncursed amulet of rage
 e - an amulet of faith (around neck)
 f - an uncursed ring of protection from fire
 i - a +0,+7 ring of slaying (left hand)
 k - an uncursed ring of teleportation
 w - an uncursed amulet of resist mutation
 x - an uncursed ring of flight
 z - an uncursed ring of sustenance
 D - an uncursed ring of protection from cold


   Skills:
 * Level 11.1 Fighting
 + Level 13.7 Short Blades
 - Level 1.5 Armour
 * Level 18.2 Dodging
 + Level 17.6 Stealth
 + Level 1.2 Unarmed Combat
 + Level 3.3 Evocations


You had 14 spell levels left.
You didn't know any spells.

Dungeon Overview and Level Annotations

Branches:
Dungeon (12/27)            Temple (1/1) D:5             Orc (4/4) D:7
   Lair (7/8) D:12         Shoals (0/5) Lair:5        Snake (0/5) Lair:5
    Elf: Orc:3-4      Slime: Lair:6-8

Altars:
Ashenzari
Cheibriados
Elyvilon
Fedhas
Kikubaaqudgha
Makhleb
Nemelex Xobeh
Okawaru
Sif Muna
Trog
Vehumet
Xom
Yredelemnul
Zin
the Shining One
Beogh
Lugonu

Shops:
D:5 +   D:9 *   D:11 %

Annotations:
D:2 Jessica IceCv exclusion: ice statue


Innate Abilities, Weirdness & Mutations

You recuperate from illness quickly.
You are small and have problems with some larger weapons.
You are carnivorous and can eat meat at any time.
You can eat rotten meat.
You have a beak for a mouth.
You have a pair of small horns on your head.
You cover ground slowly.


Message History

* * * LOW HITPOINT WARNING * * *
You feel very sick.
Drink from the sparkling fountain?
You drink the sparkling water.
This tastes like water.
* * * LOW HITPOINT WARNING * * *
You feel sick.
You feel a little better.
Drink from the sparkling fountain?
You drink the sparkling water.
You feel very buoyant.
You fly up into the air.
The fountain dries up!
* * * LOW HITPOINT WARNING * * *
You feel very sick.
Drink which item? (? for menu, Esc to quit)
You fade into invisibility!
It was a potion of invisibility.
* * * LOW HITPOINT WARNING * * *
You feel very sick.
You are very lightly contaminated with residual magic.
You die...

#.#.'.......'.#
#.###.8...8.###
#.#.'.......'.#
#'######'######'
#...............#
####..#####.8###
##.#)))# ##
#.#.⌠.# #.#!@.#
#.##'##.#
#.......#
####8#### ###


There were no monsters in sight!

Vanquished Creatures
  Donald (Orc:3)
  Gastronok (Orc:1)
  A minotaur (Lab)
  An ice dragon (Lair:7)
  A hydra (Lair:7)
  A ravenous feature mimic (Lair:7)
  10 death yaks
  Nergalle (Lair:5)
  A centaur warrior (Orc:4)
  An ice devil (IceCv)
  An unseen horror (D:11)
  A hill giant (D:11)
  3 ice statues
  Pikel (D:8)
  A necromancer (IceCv)
  Joseph (D:9)
  3 orc knights
  2 cyclopes
  A statue (D:10)
  A griffon (Lair:2)
  3 elephants (Lair:6)
  A black mamba (Lair:1)
  Psyche (D:9)
  6 spiny frogs
  5 fire drakes
  A spriggan (D:7)
  2 two-headed ogres
  A queen bee (Lair:1)
  2 trolls
  6 blue devils (IceCv)
  2 polar bears (Lair:7)
  Sonja (Orc:4)
  2 komodo dragons
  10 blink frogs
  A hydra skeleton (D:9)
  A boulder beetle (Lair:7)
  A snapping turtle (Lair:5)
  A basilisk (Lair:6)
  33 yaks
  The ghost of boski the Chiller, an average NaIE of Nemelex Xobeh (D:3)
  3 toenail golems (Volcano)
  A hill giant zombie (D:8)
  An elephant slug (Lair:7)
  9 hippogriffs
  4 sharks
  Grum (D:9)
  2 hungry ghosts
  A deep elf fighter (D:12)
  7 wolves
  Edmund (D:7)
  Menkaure (D:7)
  A manticore (D:8)
  6 ice beasts
  A sky beast (D:12)
  8 porcupines
  24 orc warriors
  6 giant goldfish
  A black bear (Lair:4)
  A phantom (D:9)
  15 wargs
  4 centaurs
  13 ogres
  Sigmund (D:2)
  Duvessa (D:8)
  9 crocodiles
  A big kobold (D:11)
  3 giant slugs
  Blork the orc (D:7)
  9 agate snails
  14 giant frogs
  9 water moccasins
  22 killer bees
  A troll skeleton (D:9)
  10 jellyfish
  A hippogriff skeleton (D:7)
  12 electric eels
  A quasit (D:11)
  18 orc priests
  2 big fish (D:7)
  A centaur zombie (D:8)
  Dowan (D:8)
  6 crimson imps
  2 goliath beetles
  10 hounds
  7 jellies
  13 orc wizards
  9 scorpions
  Crazy Yiuf (D:2)
  2 giant frog skeletons
  5 iguanas
  12 worker ants
  2 troll simulacra (IceCv)
  Ijyb (D:3)
  2 centaur simulacra (IceCv)
  A big kobold skeleton (D:8)
  2 ogre skeletons
  A worker ant zombie (D:9)
  18 adders
  10 gnolls
  11 green rats
  4 ogre simulacra (IceCv)
  2 giant centipedes
  A giant mite (Lair:4)
  2 naga simulacra (IceCv)
  6 worms
  2 adder skeletons (D:5)
  An adder zombie (D:7)
  4 giant eyeballs
  An ooze (D:1)
  169 orcs
  3 ball pythons
  6 giant cockroaches
  20 hobgoblins
  6 humans (Volcano)
  27 kobolds
  8 quokkas
  4 training dummies (D:4)
  26 bats
  11 giant geckos
  10 giant newts
  25 goblins
  16 jackals
  A kobold skeleton (D:4)
  An orc skeleton (D:4)
  29 rats
  A rat skeleton (D:7)
  A plant (Temple)
845 creatures vanquished.

Vanquished Creatures (collateral kills)
  A warg (D:9)
1 creature vanquished.

Vanquished Creatures (others)
  A slave (D:8)
  2 orcs
  A jackal (D:7)
  A bat (D:9)
  A giant spore (D:9)
  A fungus (Lair:3)
  2 plants (Lair:3)
9 creatures vanquished.

Grand Total: 855 creatures vanquished

Notes
Turn   | Place    | Note
--------------------------------------------------------------
     0 | D:1      | Leibowitz, the Kobold Berserker, began the quest for the Orb.
     0 | D:1      | Reached XP level 1. HP: 14/14 MP: 0/0
    90 | D:1      | Reached skill level 1 in Stealth
    90 | D:1      | Reached XP level 2. HP: 14/19 MP: 1/1
   727 | D:1      | Acquired Trog's second power
   740 | D:1      | Reached XP level 3. HP: 10/24 MP: 2/2
  1403 | D:2      | Noticed Jessica
  1651 | D:2      | Noticed Crazy Yiuf
  1660 | D:2      | Killed Crazy Yiuf
  1660 | D:2      | Reached XP level 4. HP: 28/28 MP: 3/3
  1779 | D:2      | Noticed Sigmund
  1791 | D:2      | Killed Sigmund
  1791 | D:2      | Reached skill level 5 in Short Blades
  1791 | D:2      | Reached XP level 5. HP: 33/33 MP: 4/4
  2192 | D:2      | Gained mutation: You have a pair of small horns on your head. [potion of mutation]
  2192 | D:2      | Gained mutation: You cover ground slowly. [potion of mutation]
  2192 | D:2      | Gained mutation: You have a beak for a mouth. [potion of mutation]
  2398 | D:2      | Reached XP level 6. HP: 39/39 MP: 5/5
  2646 | D:3      | Reached skill level 5 in Dodging
  2658 | D:3      | Noticed boski's ghost (average NaIE)
  2672 | D:3      | Killed boski's ghost
  2717 | D:3      | Reached skill level 1 in Unarmed Combat
  3009 | D:3      | Reached XP level 7. HP: 43/43 MP: 6/6
  3239 | D:3      | Noticed Ijyb
  3244 | D:3      | Killed Ijyb
  3288 | D:3      | Paralysed by a potion of paralysis for 2 turns
  3531 | D:3      | Found a glowing golden altar of the Shining One.
  3531 | D:3      | Found a white marble altar of Elyvilon.
  3566 | D:3      | Reached skill level 6 in Dodging
  3598 | D:3      | Acquired Trog's third power
  4365 | D:4      | Reached skill level 5 in Stealth
  4368 | D:4      | Reached skill level 7 in Dodging
  4422 | D:4      | Found an iron altar of Okawaru.
  4432 | D:4      | Reached XP level 8. HP: 48/48 MP: 7/7
  5026 | D:5      | Entered Level 5 of the Dungeon
  5191 | D:5      | Found a staircase to the Ecumenical Temple.
  5198 | D:5      | Reached skill level 8 in Dodging
  5213 | Temple   | Entered the Ecumenical Temple
  5417 | D:5      | Paralysed by a giant eyeball for 2 turns
  5423 | D:5      | Paralysed by a giant eyeball for 3 turns
  5576 | D:5      | Found Peymamas' Book Emporium.
  5773 | D:5      | Found a shattered altar of Ashenzari.
  5819 | D:5      | Reached skill level 5 in Fighting
  6400 | D:6      | Reached skill level 9 in Dodging
  6556 | D:6      | Found a white marble altar of Elyvilon.
  6742 | D:6      | Reached XP level 9. HP: 53/53 MP: 8/8
  7108 | D:7      | Reached skill level 10 in Dodging
  7382 | D:7      | Noticed Edmund
  7385 | D:7      | Killed Edmund
  7411 | D:7      | Paralysed by a giant eyeball for 3 turns
  7488 | D:7      | Noticed Blork the orc
  7510 | D:7      | Killed Blork the orc
  7922 | D:7      | Noticed Menkaure
  8128 | D:7      | Noticed a spriggan baker
  8142 | D:7      | Killed a spriggan baker
  8142 | D:7      | Reached XP level 10. HP: 35/60 MP: 9/9
  8322 | D:7      | Killed Menkaure
  8322 | D:7      | Reached skill level 11 in Dodging
  8571 | D:7      | Reached skill level 10 in Stealth
  8594 | D:8      | Found a burning altar of Makhleb.
  8599 | D:8      | Found a sparkling altar of Nemelex Xobeh.
  8599 | D:8      | Found a bloodstained altar of Trog.
  8601 | D:8      | Found a glowing silver altar of Zin.
  8798 | D:8      | Received a gift from Trog
  8852 | D:8      | Found a blossoming altar of Fedhas.
  9186 | D:8      | Noticed Duvessa
  9186 | D:8      | Noticed Dowan
  9213 | D:8      | Killed Dowan
  9216 | D:8      | Killed Duvessa
  9360 | D:8      | Noticed Pikel
  9376 | D:8      | Killed Pikel
  9376 | D:8      | Reached skill level 12 in Dodging
  9902 | D:9      | Found a shimmering altar of Xom.
  9937 | D:9      | Found Iguirom's Assorted Antiques.
  9964 | D:9      | Bought a scroll labeled KIUZYA PSAMP for 28 gold pieces
 10018 | D:9      | Noticed Grum
 10031 | D:9      | Noticed Psyche
 10036 | D:9      | Killed Grum
 10042 | D:9      | Paralysed by Psyche for 2 turns
 10046 | D:9      | Killed Psyche
 10067 | D:9      | Noticed an orc knight
 10175 | D:9      | Reached skill level 13 in Dodging
 10289 | D:8      | Reached XP level 11. HP: 37/65 MP: 10/10
 10612 | D:9      | Noticed Joseph
 10614 | D:9      | Killed Joseph
 11088 | D:9      | Noticed an orc knight
 11116 | D:9      | Killed an orc knight
 11116 | D:9      | Received a gift from Trog
 11116 | D:9      | Reached skill level 14 in Dodging
 11542 | D:9      | Killed an orc knight
 11809 | D:9      | Received a gift from Trog
 12020 | D:10     | Entered Level 10 of the Dungeon
 12469 | D:10     | Noticed a wizard statue
 12475 | D:10     | Killed a wizard statue
 12634 | D:11     | Reached skill level 15 in Dodging
 12733 | D:11     | Found Gug Par's Food Boutique.
 12754 | D:11     | Noticed a cyclops
 12784 | D:11     | Killed a cyclops
 12784 | D:11     | Reached skill level 1 in Evocations
 12784 | D:11     | Reached XP level 12. HP: 53/72 MP: 11/13
 13831 | D:11     | Received a gift from Trog
 14409 | D:12     | Reached skill level 10 in Short Blades
 14541 | D:12     | Found a staircase to the Lair.
 14569 | Lair:1   | Entered Level 1 of the Lair of Beasts
 14858 | Lair:1   | Received a gift from Trog
 15164 | Lair:1   | Reached skill level 16 in Dodging
 16058 | Lair:2   | Found a dark tunnel.
 16073 | Volcano  | Entered a volcano
 16283 | Volcano  | Reached XP level 13. HP: 77/77 MP: 14/14
 16619 | Lair:2   | Received a gift from Trog
 16700 | Lair:2   | Got a dazzling scale mail
 16712 | Lair:2   | Identified the +6 scale mail "Xacloyti" {Int+2 Acc+4} (You found it on level 2 of the Lair of Beasts)
 17151 | Lair:3   | Found a labyrinth entrance.
 17368 | Lab      | Entered a labyrinth
 17729 | Lab      | Noticed a minotaur
 17744 | Lab      | Killed a minotaur
 17756 | Lab      | Got a warped falchion
 17756 | Lab      | Got an ichor-stained scale mail
 17759 | Lab      | Identified the falchion of Extermination {flame, -Tele rN+} (You found it in a labyrinth)
 17775 | Lab      | Identified the -8 scale mail of Resilience {rPois rC++} (You found it in a labyrinth)
 17819 | Lab      | Identified a +2 rod of fiery destruction (10/10) (You found it in a labyrinth)
 17939 | Lair:3   | Reached skill level 15 in Stealth
 18565 | Lair:3   | Received a gift from Trog
 19817 | Lair:5   | Found a staircase to the Snake Pit.
 19823 | Lair:5   | Noticed Nergalle
 19843 | Lair:5   | Killed Nergalle
 19978 | Lair:5   | Reached skill level 17 in Dodging
 20052 | Lair:5   | Received a gift from Trog
 20091 | Lair:5   | Found a staircase to the Shoals.
 20096 | Lair:5   | Reached XP level 14. HP: 84/84 MP: 19/19
 21200 | D:4      | Fell from the grace of Trog
 21200 | D:4      | Became a worshipper of Warmaster Okawaru
 21483 | D:7      | Found a staircase to the Orcish Mines.
 21727 | Orc:1    | Entered Level 1 of the Orcish Mines
 21768 | Orc:1    | Noticed Gastronok
 21785 | Orc:1    | Killed Gastronok
 21785 | Orc:1    | Acquired Okawaru's first power
 21785 | Orc:1    | Reached skill level 10 in Fighting
 22726 | Orc:3    | Noticed Donald
 22754 | Orc:3    | Killed Donald
 22928 | Orc:3    | Found a roughly hewn altar of Beogh.
 23354 | Orc:4    | Entered Level 4 of the Orcish Mines
 23371 | Orc:4    | Noticed Sonja
 23389 | Orc:4    | Killed Sonja
 23886 | Orc:3    | Upgraded the game from 0.13.0-3-g966e3ec to 0.13.0-6-g40e4d2d
 25439 | Lair:6   | Got a twisted short sword
 25440 | Lair:6   | Identified the cursed short sword "Raddysche" {flame, rPois MR++} (You found it on level 6 of the Lair of Beasts)
 25673 | Lair:7   | Reached skill level 18 in Dodging
 25675 | Lair:7   | Acquired Okawaru's second power
 26098 | Lair:7   | Found a frozen archway.
 26130 | Lair:7   | Reached XP level 15. HP: 61/92 MP: 18/20
 26139 | Lair:7   | Received a gift from Okawaru
 26154 | IceCv    | Entered an ice cave
 26480 | IceCv    | Got a slimy ring mail
 26498 | IceCv    | Identified the +9 ring mail of Veomp {rN+} (You found it in an ice cave)
 26553 | IceCv    | HP: 3/87 [poison (a potion of strong poison)]
 26554 | IceCv    | Succumbed to poison (a potion of strong poison)

Action                   |  1- 3 |  4- 6 |  7- 9 | 10-12 | 13-15 || total
-------------------------+-------+-------+-------+-------+-------++-------
Melee: Short sword       |   137 |    86 |    11 |     6 |     7 ||   247
       Dagger            |       |       |   514 |   664 |       ||  1178
       Quick blade       |       |       |       |   555 |   983 ||  1538
       Sabre             |       |       |       |     2 |   113 ||   115
       Rod               |       |       |       |       |     2 ||     2
Invok: Berserk           |     1 |     3 |     3 |     7 |     2 ||    16
       Trog's Hand       |       |       |     2 |     4 |       ||     6
       Burn Spellbooks   |       |       |       |     4 |       ||     4
       Heroism           |       |       |       |       |     1 ||     1
 Abil: Evoke Flight      |       |       |       |       |     1 ||     1
Evoke: Wand              |       |       |       |     4 |    13 ||    17
       Rod               |       |       |       |       |     1 ||     1
  Use: Potion            |       |     5 |     5 |     3 |     3 ||    16
       Scroll            |       |       |    13 |    18 |     7 ||    38
 Stab: Sleeping          |     3 |     4 |    25 |    38 |    76 ||   146
       Distracted        |     1 |       |     4 |     3 |     4 ||    12
       Paralysed         |       |       |       |     1 |       ||     1
       Fleeing           |       |       |       |       |     3 ||     3
